 Dungeon Crawl Stone Soup version 0.31-a0-236-g9a0961fb85 (webtiles) character file.

Game seed: 12486408763680875365

50 qw the Shooter (level 3, -1/29 HPs)
             Began as a Minotaur Hexslinger on July 10, 2023.
             Slain by a goblin
             ... wielding a +0 dagger
             ... led by Robin
              (5 damage)
             ... on level 2 of the Dungeon.
             The game lasted 00:00:22 (1154 turns).

qw the Shooter (Minotaur Hexslinger)                Turns: 1154, Time: 00:00:22

Health: -1/29      AC:  2    Str: 12    XL:     3   Next: 55%
Magic:  3/3        EV: 12    Int: 10    God:
Gold:   92         SH:  0    Dex: 14    Spells: 3/4 levels left

rFire   . . .        Y - +1 sling
rCold   . . .        (no shield)
rNeg    . . .        c - +0 robe
rPois   .            (helmet restricted)
rElec   .            (no cloak)
rCorr   .            (no gloves)
SInv    .            (no boots)
Will    .....        (no amulet)
Stlth   +            (no ring)
HPRegen 0.24/turn    (no ring)
MPRegen 0.08/turn

%: no passive effects
@: no status effects
A: horns 2, retaliatory headbutt
a: no special abilities


You were on level 2 of the Dungeon.
You visited 1 branch of the dungeon, and saw 2 of its levels.

You collected 92 gold pieces.


Innate Abilities, Weirdness & Mutations

You have a pair of horns on your head.
You reflexively headbutt those who attack you in melee.


   Skills:
 - Level 2.1 Fighting
 + Level 4.0 Ranged Weapons
 - Level 2.1 Dodging
 - Level 1.0 Spellcasting
 - Level 2.0 Hexes


You had 3 spell levels left.
You knew the following spells:

 Your Spells              Type           Power      Damage    Failure   Level
a - Slow                  Hex            16%        N/A       16%         1

Your spell library contained the following spells:

 Spells                   Type           Power      Damage    Failure   Level
 Inner Flame              Hex/Fire       2%         N/A       56%         3
 Portal Projectile        Hex/Tloc       4%         N/A       56%         3
 Cause Fear               Hex            2%         N/A       83%         4

Inventory:

Hand Weapons
 Y - a +1 sling (weapon)
Armour
 c - a +0 robe (worn)
 g - a +0 leather armour
Jewellery
 h - a ring of see invisible
Scrolls
 a - a scroll of amnesia {unknown}
 b - 2 scrolls of teleportation {unknown}
 e - a scroll of vulnerability {unknown}
 f - a scroll of identify
Potions
 d - a potion of curing

Dungeon Overview and Level Annotations

Branches:
Dungeon (2/15)

Altars:

Annotations:
D:2 Robin


Message History

Robin's bangles clink loudly.
The goblin hits you with a +0 club.
You shoot a sling bullet. The sling bullet hits the goblin.
You kill the goblin!
You hear a shout!
A goblin comes into view. It is wielding a +0 dagger.
The goblin hits you with a +0 club.
A goblin comes into view. It is wielding a +0 dagger.
You hear a shout!
You shoot a sling bullet. The sling bullet hits the goblin!
You kill the goblin!
You hear a shout!
Robin roars a battlecry!
The goblin goes into a battle-frenzy!
You shoot a sling bullet. The sling bullet barely misses Robin.
A goblin comes into view. It is wielding a +0 club.
Robin throws the goblin at you!
You shoot a sling bullet.
The sling bullet completely misses the goblin.
The goblin hits you with a +0 club. The goblin barely misses you.
You furiously retaliate!
You headbutt the goblin!
You kill the goblin!
The kobold throws a stone.
The stone barely misses you. Robin throws the goblin at you!
You shoot a sling bullet.
The sling bullet closely misses the goblin.
The goblin hits you with a +0 club. The goblin completely misses you.
Robin hits you from afar with a +0 spear.
The goblin barely misses you. You furiously retaliate!
You headbutt the goblin, but do no damage.
A hobgoblin comes into view.
The goblin hits you with a +0 dagger.
Robin says, "My goblins will feast on your bones."
Robin hits you from afar with a +0 spear.
You shoot a sling bullet.
The sling bullet barely misses the goblin.
The goblin no longer looks unusually strong.
A goblin comes into view. It is wielding a +0 dagger.
The goblin misses you. The goblin hits you with a +0 dagger.
You die...

#.##.......#
#.########## #.#
#.####### #.......# ###
### #.#####.# .. ..#
#.# #.# .####
#.######.#####.##g.).#
...............@g...#
#####.....###.##K#g....
##...## #.# g# ##. ###
##.## #.# .g ..# #..
..# .## ..# #.# ### .#
..# #+# .# ### ..


You could see Robin, a hobgoblin (strong), 3 goblins and a kobold.

Vanquished Creatures
  3 adders (D:2)
  A dart slug (D:2)
  A ball python (D:1)
  2 endoplasms
  6 goblins
  A hobgoblin (D:2)
  3 kobolds (D:1)
  A quokka (D:1)
  A frilled lizard (D:1)
  2 rats
21 creatures vanquished.

Notes
Turn   | Place    | Note
-------+----------+-------------------------------------------
     0 | D:1      | qw the Minotaur Hexslinger began the quest for the Orb.
     0 | D:1      | Reached XP level 1. HP: 16/16 MP: 1/1
     0 | D:1      | 0 ||| qw: Version: 0.3-a-52-g30416fa
     0 | D:1      | 0 ||| qw: Game counter: 4727
     0 | D:1      | 0 ||| qw: Melee chars always use a shield: true
     0 | D:1      | 0 ||| qw: God list: Okawaru
     0 | D:1      | 0 ||| qw: Allow faded altars: false
     0 | D:1      | 0 ||| qw: Do Orc after clearing Dungeon:15 true
     0 | D:1      | 0 ||| qw: Do second Lair branch before Depths: true
     0 | D:1      | 0 ||| qw: Lair rune preference: random
     0 | D:1      | 0 ||| qw: Goals: Normal
     0 | D:1      | 0 ||| PLANNING D:1-11
   298 | D:1      | Reached skill level 3 in Ranged Weapons
   298 | D:1      | Reached XP level 2. HP: 23/23 MP: 2/2
   455 | D:1      | 455 ||| READING scroll labelled BYRO VIAMULEVI.
   456 | D:1      | 456 ||| READING 2 scrolls labelled YSOTOH SICHOUL.
   457 | D:1      | 457 ||| READING scroll labelled BOUNOX KYW XIE.
   558 | D:1      | 558 ||| READING scroll labelled CIHELURPHAER.
   559 | D:1      | 559 ||| READING scroll labelled PYENIHAUGE.
   560 | D:1      | 560 ||| DRINKING 2 cyan potions.
   561 | D:1      | 561 ||| DROPPING scroll of poison.
   660 | D:2      | HP: 5/24 [adder (2)]
   663 | D:2      | Reached XP level 3. HP: 7/29 MP: 3/3
  1143 | D:2      | Noticed Robin
  1148 | D:2      | Reached skill level 4 in Ranged Weapons
  1153 | D:2      | HP: 7/29 [goblin/+0 dagger[Robin] (2)]
  1154 | D:2      | Slain by a goblin

Levels and vault maps discovered:
D:1:      dpeg_arrival_short_road, layout_rooms
D:2:      layout_loops_corners, hellmonk_ecumenical_altar_inner_sanctum,
          nrook_mini_backslash, moated_statue, uniq_robin

Skill      XL: |  1  2  3 |
---------------+----------+-----
Ranged Weapons | 3 4 |  4.0
Fighting       | 2 |  2.1
Dodging        | |  2.1
Spellcasting   | |  1.0
Hexes          | |  2.0

Action                     || total
---------------------------++-------
   Fire: Sling             ||    64
    Use: Scroll            ||     5
         Potion            ||     1
 Armour: Robe              ||     4
  Dodge: Dodged            ||    26

Table legend:
 A = Non-vault XP
 B = Vault XP
 C = Vault XP percentage of total XP
 D = Non-vault monster count
 E = Vault monster count
 F = Vault count percentage of total count
                 A         B        C        D         E       F
            +---------+---------+-------+---------+---------+-------
      Total |      65 |       7 |   9.7 |      17 |       4 |  19.0
            +---------+---------+-------+---------+---------+-------
        D:1 |      14 |       0 |   0.0 |       9 |       0 |   0.0
        D:2 |      51 |       7 |  12.1 |       8 |       4 |  33.3
            +---------+---------+-------+---------+---------+-------
